 Dungeon Crawl Stone Soup version 0.29-a0-676-ga64570c9d2 (webtiles) character file.

Game seed: 11266644822789941111

689 snarfax the Chopper (level 7, -6/73 HPs)
             Began as an Octopode Berserker on June 24, 2022.
             Was a Believer of Trog.
             Mangled by a gnoll
             ... wielding a +1 antimagic halberd
              (9 damage)
             ... on level 5 of the Dungeon.
             The game lasted 00:10:37 (3841 turns).

snarfax the Chopper (Octopode Berserker)            Turns: 3841, Time: 00:10:38

Health: -6/73      AC:  1    Str: 18    XL:     7   Next: 63%
Magic:  7/7        EV: 14    Int:  9    God:    Trog [**....]
Gold:   218        SH:  4    Dex: 12    Spells: 6/6 levels left

rFire   + . .      SeeInvis .   A - +0 broad axe
rCold   . . .      Faith    .   B - +0 buckler
rNeg    . . .      Spirit   .   (helmet restricted)
rPois   +          Reflect  .   (no amulet)
rElec   .          Harm     .   b - ring of protection from fire
rCorr   .          Rampage  .   x - ring of poison resistance
Will    ++...                   (no ring)
Stlth   ..........              (no ring)
HPRegen 1.22/turn               (no ring)
MPRegen 0.10/turn               (no ring)
                                (no ring)
                                (no ring)

@: berserking, strong-willed, regenerating, very quick
A: almost no armour, amphibious, 8 rings, camouflage 1, gelatinous body 1,
(nimble swimmer 1), tentacles
a: Renounce Religion, Berserk, Trog's Hand


You were on level 5 of the Dungeon.
You worshipped Trog.
Trog was pleased with you.
You visited 1 branch of the dungeon, and saw 5 of its levels.

You collected 296 gold pieces.
You spent 78 gold pieces at shops.

Inventory:

Hand Weapons
 a - a +0 hand axe
 A - a +0 broad axe (weapon)
Missiles
 m - 5 silver boomerangs (quivered)
 q - 11 poisoned darts
Armour
 B - a +0 buckler (worn)
Jewellery
 b - a ring of protection from fire (left tentacle)
 l - a ring of ice
 w - a ring of magical power
 x - a ring of poison resistance (right tentacle)
Wands
 g - a wand of polymorph (11)
 r - a wand of mindburst (22)
 u - a wand of iceblast (7)
Scrolls
 e - 5 scrolls of teleportation
 h - 2 scrolls of enchant weapon {unknown}
 j - a scroll of poison {unknown}
 k - a scroll of blinking
 n - a scroll of fog {unknown}
 y - a scroll of brand weapon {unknown}
 C - a scroll of fear {unknown}
Potions
 c - a potion of berserk rage
 d - a potion of lignification
 f - a potion of degeneration {unknown}
 i - 3 potions of curing
 o - 2 potions of flight {unknown}
 p - a potion of brilliance {unknown}
 s - a potion of might {unknown}
 v - 2 potions of mutation {unknown}
 z - a potion of cancellation {unknown}


   Skills:
 + Level 4.7 Fighting
 * Level 5.3 Axes
 + Level 4.7 Dodging
 + Level 5.0 Stealth
 + Level 1.6 Shields


You had 6 spell levels left.
You didn't know any spells.
Your spell library was empty.

Dungeon Overview and Level Annotations

Branches:
Dungeon (5/15)
 Temple: D:4-7

Altars:
Zin

Shops:
D:3 **   D:4 (


Innate Abilities, Weirdness & Mutations

You cannot wear most types of armour.
You are amphibious.
You can wear up to eight rings at the same time.
Your skin changes colour to match your surroundings (Stealth+).
Your rubbery body absorbs attacks. (AC +1, EV +1)
((You are camouflaged when in or above water. (Stealth+)))
You have tentacles for arms and can constrict up to eight enemies at once.


Message History

The hound barely misses you.
The gnoll hits you from afar with a +0 spear!
* * * LOW HITPOINT WARNING * * *
The hound misses you.
There is an open door here.
The hound attacks as you move away! The hound misses you.
The hound attacks as you move away! The hound completely misses you.
The hound barely misses you. The hound attacks as you move away!
The hound bites you.
* * * LOW HITPOINT WARNING * * *
There is an open door here.
A red film seems to cover your vision as you go berserk!
You feel yourself moving faster!
You feel mighty! The hound closely misses you. The gnoll closely misses you.
The hound bites you but does no damage.
You miss the hound. Your grab misses the hound. Your squeeze misses the hound.
The hound is heavily wounded.
The hound bites you.
* * * LOW HITPOINT WARNING * * *
You block the gnoll's attack.
You barely miss the hound. You grab the hound. You tentacle-slap the hound!
The hound is almost dead.
You constrict the hound.
You kill the hound!
Trog accepts your kill.
The gnoll hits you from afar with a +0 spear.
* * * LOW HITPOINT WARNING * * *
You slash the gnoll! Your grab misses the gnoll. You squeeze the gnoll!
You kill the gnoll!
Trog accepts your kill. The gnoll barely misses you.
The gnoll hits you with a +0 spear!
* * * LOW HITPOINT WARNING * * *
Things that are here:
a +0 whip; a hound corpse You slice the gnoll!!
You kill the gnoll!
Trog accepts your kill.
You slash the gnoll!
The gnoll hits you with a +1 antimagic halberd!
You die...

....######.........)....#
........................#
......+.gg...#.....# #..#
........##..##.....###..#####
#..##..###.g##..............+
##. #.†g.'......).......# #g
#...###'##.####'##..# gg
##..#...g#.###..##..# ..
####..g@#......##..### .#[
#....'............# . .#.
#....#............#..
#....#............#..
####....#..##..###...##.
#..#....#..#######...##.
#..#....#...#...#.......
#..#....'...#...#.......
......
#..'....#...#...#.......


You could see 2 gnolls.

Vanquished Creatures
  Sigmund (D:2)
  A centaur (D:5)
  2 phantoms (D:5)
  A scorpion (D:5)
  A hound (D:5)
  2 jellies
  An iguana (D:4)
  2 gnolls (D:5)
  3 adders (D:2)
  An ufetubus (D:5)
  2 worms (D:2)
  2 dart slugs
  5 orcs
  5 ball pythons
  3 bats
  8 endoplasms
  3 giant cockroaches
  4 hobgoblins
  4 jackals (D:2)
  2 quokkas
  A frilled lizard (D:1)
  5 goblins
  6 kobolds
  3 rats
68 creatures vanquished.

Notes
Turn   | Place    | Note
-------+----------+-------------------------------------------
     0 | D:1      | snarfax the Octopode Berserker began the quest for the Orb.
     0 | D:1      | Reached XP level 1. HP: 16/16 MP: 1/1
   176 | D:1      | Reached skill level 1 in Stealth
   176 | D:1      | Reached XP level 2. HP: 21/21 MP: 2/2
   735 | D:2      | Reached XP level 3. HP: 26/26 MP: 3/3
  1024 | D:2      | Noticed Sigmund
  1093 | D:2      | Killed Sigmund
  1094 | D:2      | Reached XP level 4. HP: 14/33 MP: 4/4
  1094 | D:2      | Reached XP level 5. HP: 16/37 MP: 5/5
  1614 | D:2      | Reached XP level 6. HP: 43/43 MP: 6/6
  1946 | D:3      | Reached ** piety under Trog
  2033 | D:3      | Found Zin's Purification Station.
  2036 | D:3      | Found a glowing silver altar of Zin.
  2088 | D:3      | Found Dupeedenei's General Store.
  2098 | D:3      | Bought a scroll of teleportation for 39 gold pieces
  2098 | D:3      | Bought a potion of curing for 39 gold pieces
  2099 | D:3      | Found Bohoxkuy's Assorted Antiques.
  3039 | D:4      | Found Huuk Fofuheu's Antique Weapon Shoppe.
  3300 | D:5      | Entered Level 5 of the Dungeon
  3435 | D:5      | Reached skill level 1 in Shields
  3435 | D:5      | Reached XP level 7. HP: 42/49 MP: 7/7
  3605 | D:5      | Reached skill level 5 in Axes
  3605 | D:5      | Reached skill level 5 in Stealth
  3840 | D:5      | HP: 2/73 [gnoll/+0 spear (7)]
  3841 | D:5      | Mangled by a gnoll

Illustrated notes

Levels and vault maps discovered:
D:1:      dpeg_arrival_pits, layout_rooms
D:2:      layout_basic, uniq_sigmund
D:3:      layout_basic, zin_purify, serial_shops, nicolae_shop_waterfront,
          nicolae_shop_statue_plus
D:4:      layout_rooms, serial_shops, nicolae_shop_statue_plus,
          nicolae_concentric_dashed_squares_wild, minmay_misc_feat_plants,
          chequers_serial_rivers_micro_a
D:5:      layout_gridville, gammafunk_temple_overflow_elements,
          jmf_multi_god_temple2, dreamdust_wishing_well, palyth_stone_intersect,
          minmay_joined_circles, uniq_blork_the_orc

Skill      XL: |  1  2  3  4  5  6  7 |
---------------+----------------------+-----
Stealth        | 1 3 4 5 |  5.0
Fighting       | 4 |  4.7
Axes           | 4 5 |  5.3
Dodging        | 4 |  4.7
Shields        | 1 |  1.6

Action                   |  1- 3 |  4- 6 |  7- 9 || total
-------------------------+-------+-------+-------++-------
Melee: Hand axe          |    46 |    63 |       ||   109
       Constrict         |     6 |    16 |     3 ||    25
       Tentacles         |     6 |    17 |     2 ||    25
       Broad axe         |       |    22 |    16 ||    38
       Punch             |       |     1 |     1 ||     2
Invok: Berserk           |     1 |       |     2 ||     3
       Trog's Hand       |       |       |     2 ||     2
  Use: Scroll            |     2 |     5 |       ||     7
       Potion            |       |       |     2 ||     2
 Stab: Sleeping          |     5 |    17 |     1 ||    23
       Distracted        |       |     1 |       ||     1
Armor: Skin              |     3 |     3 |     2 ||     8
Dodge: Dodged            |    27 |    44 |    23 ||    94
Block: Buckler           |       |     3 |     3 ||     6

Table legend: (Time is in decaauts)
 A = Elapsed time spent in this place.
 B = Non-inter-level travel time spent in this place.
 C = Inter-level travel time spent in this place.
 D = Time resting spent in this place.
 E = Time spent auto-exploring this place.
 F = Levels seen in this place.
 G = Mean time per level.
                   A        B        C        D        E       F      G
               +--------+--------+--------+--------+--------+-----+--------+
         Total |   3883 |   3809 |     74 |    579 |   2577 |   5 |  776.6 |
       Dungeon |   3883 |   3809 |     74 |    579 |   2577 |   5 |  776.6 |
               +--------+--------+--------+--------+--------+-----+--------+

Top non-repeatable levels by time:
     D:2: 1265 daAuts
     D:4: 713 daAuts
     D:1: 684 daAuts
     D:3: 654 daAuts
     D:5: 565 daAuts
